 Dungeon Crawl Stone Soup version 0.27.0-1-g7a089689b8 (webtiles) character file.

Game seed: 7488661199474483931

86 inmateoo the Insei (level 4, 0/21 HPs)
             Began as a Vine Stalker Hedge Wizard on Aug 1, 2021.
             Slain by Robin (2 damage)
             ... on level 2 of the Dungeon.
             The game lasted 00:02:15 (2139 turns).

inmateoo the Insei (Vine Stalker Hedge Wizard)      Turns: 2139, Time: 00:02:15

Health: 0/21       AC:  3    Str: 13    XL:     4   Next: 49%
Magic:  0/9        EV: 12    Int: 14    God:
Gold:   103        SH:  0    Dex: 14    Spells: 4/9 levels left

rFire    . . .     SeeInvis .     - Unarmed
rCold    . . .     Faith    .   (no shield)
rNeg     . . .     Spirit   +   b - +0 robe
rPois    .         Reflect  .   c - +0 hat
rElec    .         Harm     .   h - +0 cloak
rCorr    .         Rampage  .   (no gloves)
Will     .....                  (no boots)
Stlth    ++........             (no amulet)
HPRegen  1.07/turn              (no ring)
MPRegen  0.11/turn              (no ring)

@: no status effects
A: fangs 2, regeneration 1, magic shield, antimagic bite, no potion heal 2
a: no special abilities


You were on level 2 of the Dungeon.
You visited 1 branch of the dungeon, and saw 3 of its levels.

You collected 103 gold pieces.

Inventory:

Armour
 b - a +0 robe (worn)
 c - a +0 hat (worn)
 h - a +0 cloak (worn)
Jewellery
 d - a ring of willpower
Wands
 f - a wand of flame (13)
Potions
 a - a potion of might {unknown}
 e - a potion of cancellation
 g - a potion of degeneration {unknown}


   Skills:
 + Level 0.8 Fighting
 - Level 1.5 Dodging
 - Level 2.4 Stealth
 * Level 3.7 Unarmed Combat
 - Level 3.2 Spellcasting
 - Level 1.0 Conjurations
 - Level 1.0 Summonings
 - Level 1.0 Translocations


You had 4 spell levels left.
You knew the following spells:

 Your Spells              Type           Power      Damage    Failure   Level
a - Magic Dart            Conj           20%        1d4       14%         1
b - Blink                 Tloc           N/A        N/A       22%         2
c - Call Imp              Summ           5%         N/A       22%         2

Your spell library contained the following spells:

 Spells                   Type           Power      Damage    Failure   Level
 Slow                     Hex            2%         N/A       32%         2
 Conjure Flame            Conj/Fire      3%         6-21      45%         3
 Mephitic Cloud           Conj/Pois/Air  3%         N/A       50%         3


Dungeon Overview and Level Annotations

Branches:
Dungeon (3/15)

Altars:

Annotations:
D:2 Robin


Innate Abilities, Weirdness & Mutations

You have extremely sharp teeth.
Your natural rate of healing is unusually fast.
When hurt, damage is shared between your health and your magic reserves.
Your bite disrupts and absorbs the magic of your enemies.
Potions cannot restore your health.


Message History

You closely miss the goblin. Your bite misses the goblin.
The goblin barely misses you. The goblin closely misses you.
The rat barely misses you.
You hit the rat. You bite the rat.
You kill the rat!
The goblin hits you with a +0 dagger. The goblin misses you.
Deactivating autopickup; reactivate with Ctrl-A.
You barely miss something. You bite something.
The goblin hits you with a +0 dagger. The goblin barely misses you.
The goblins go into a battle-frenzy!
You hit something. Your bite misses something.
The goblin hits you with a +0 dagger. The goblin hits you but does no damage.
Something hits you.
You hit the goblin but do no damage. You bite the goblin. You drain its power.
You feel invigorated.
The goblin is severely wounded.
The goblin hits you but does no damage. The goblin hits you with a +0 club.
Something hits you.
You closely miss the goblin. The goblin hits you but does no damage.
The goblin misses you.
You closely miss the goblin.
The goblin is severely wounded.
Something hits you.
You are too injured to fight recklessly!
Unknown command.
You hit something. You bite something.
The goblin hits you but does no damage. x2
Something hits you.
Unknown command.
Okay, then.
You closely miss something. The goblin hits you with a +0 dagger.
The goblin hits you with a +0 club.
* * * LOW HITPOINT WARNING * * *
Something hits you.
* * * LOW HITPOINT WARNING * * *
You hit the goblin.
You kill the goblin!
The goblin hits you with a +0 dagger.
* * * LOW HITPOINT WARNING * * *
Something hits you.
You die...

.##.#.# #.##.#
#.(...........# ##....#
#.##.###.###############
#.#.## #.##.(...# #.†.
#.#.# #....##### #.##
#.#.# ##.###.## #.#
#.#.# #.##
##.##############.#
##.#.## #.#
#...<............#
......###.##
##)###.####.#######
##.........###.g@{..#
#.# ###..#.#.....#######
#.######## ##
#...#######.# #.........
.# #...# #†# ##########
.####..## ##.#
........## ##.##
......##.###.##
#########...## #####


You could see a goblin (strong).

Vanquished Creatures
  Crazy Yiuf (D:2)
  2 worms (D:2)
  A dart slug (D:1)
  A bat (D:2)
  5 endoplasms
  4 giant cockroaches
  6 goblins
  4 hobgoblins
  13 jackals
  3 quokkas
  3 ball pythons (D:1)
  A frilled lizard (D:2)
  4 kobolds (D:1)
  4 rats
52 creatures vanquished.

Notes
Turn   | Place    | Note
-------+----------+-------------------------------------------
     0 | D:1      | inmateoo the Vine Stalker Hedge Wizard began the quest for
                  | the Orb.
     0 | D:1      | Reached XP level 1. HP: 9/9 MP: 5/5
   175 | D:1      | Reached skill level 1 in Unarmed Combat
   462 | D:1      | Reached XP level 2. HP: 13/13 MP: 7/7
   534 | D:1      | Found a faded altar of an unknown god.
   590 | D:1      | Learned a level 2 spell: Blink
   593 | D:1      | Learned a level 2 spell: Call Imp
   851 | D:1      | Reached XP level 3. HP: 13/16 MP: 6/8
  1643 | D:2      | Gained mutation: Your natural rate of healing is unusually
                  | fast. [Vine Stalker growth]
  1643 | D:2      | Reached XP level 4. HP: 17/21 MP: 9/9
  1794 | D:2      | Found a runed translucent door.
  1795 | D:2      | Noticed Crazy Yiuf
  2069 | D:2      | Killed Crazy Yiuf
  2119 | D:3      | Noticed Robin
  2139 | D:2      | Slain by Robin

Illustrated notes

Levels and vault maps discovered:
D:1:      nzn_arrival_crosshair, layout_basic,
          hellmonk_ecumenical_altar_heavens_door
D:2:      layout_loops_ring, uniq_crazy_yiuf_cottage
D:3:      layout_rooms, okawaru_metal_pillars_1_2, st_stairs_2,
          palyth_stone_intersect, uniq_ijyb, uniq_robin, uniq_terence

Skill      XL: |  1  2  3 |
---------------+----------+-----
Unarmed Combat | 1 2 3 |  3.7
Fighting       | |  0.8
Dodging        | |  1.5
Stealth        | |  2.4
Spellcasting   | |  3.2
Conjurations   | |  1.0
Summonings     | |  1.0
Translocations | |  1.0

Action                   |  1- 3 |  4- 6 || total
-------------------------+-------+-------++-------
Melee: Unarmed           |   173 |    32 ||   205
       Bite              |    31 |    12 ||    43
       Punch             |     1 |       ||     1
 Cast: Magic Dart        |    11 |       ||    11
       Call Imp          |       |     4 ||     4
  Use: Scroll            |     1 |     1 ||     2
 Stab: Sleeping          |     7 |     1 ||     8
Armor: Robe              |    21 |    10 ||    31
Dodge: Dodged            |   110 |    25 ||   135
